 Dungeon Crawl Stone Soup version 0.28-a0-1374-ga75cb3825e (webtiles) character file.

Game seed: 11452681570734261193

5166 rocketpapaya the Severer (level 10, -5/81 HPs)
             Began as a Deep Dwarf Fighter on Dec 31, 2021.
             Was a Priest of Makhleb.
             Slain by a two-headed ogre (15 damage)
             ... on level 10 of the Dungeon.
             The game lasted 00:27:52 (8177 turns).

rocketpapaya the Severer (Deep Dwarf Fighter)       Turns: 8177, Time: 00:27:53

Health: -5/81      AC: 13    Str: 23    XL:     10   Next: 34%
Magic:  12/12 (3)  EV:  6    Int: 10    God:    Makhleb [***...]
Gold:   485        SH:  5    Dex: 12    Spells: 9/9 levels left

rFire   + . .      SeeInvis .   a - +0 war axe
rCold   . . .      Faith    .   c - +0 buckler
rNeg    + . .      Spirit   .   O - +0 plate armour
rPois   .          Reflect  .   (no helmet)
rElec   .          Harm     .   d - +0 cloak
rCorr   .          Rampage  .   (no gloves)
Will    +....                   (no boots)
Stlth   ..........              (no amulet)
HPRegen 0.00/turn               e - ring "Faci" {rF+ MP+9}
MPRegen 0.13/turn               v - ring of positive energy

@: no status effects
A: damage resistance, heal wounds, sense surroundings 2, no regeneration
a: Heal Wounds, Renounce Religion, Minor Destruction, Lesser Servant of Makhleb


You were on level 10 of the Dungeon.
You worshipped Makhleb.
Makhleb was most pleased with you.
You visited 1 branch of the dungeon, and saw 10 of its levels.

You collected 485 gold pieces.

Inventory:

Hand Weapons
 a - a +0 war axe (weapon)
 i - a +0 hunting sling
Missiles
 h - 2 javelins (quivered)
 j - 191 stones
 o - 94 sling bullets
 G - 5 curare-tipped darts
Armour
 c - a +0 buckler (worn)
 d - a +0 cloak (worn)
 H - +0 swamp dragon scales
 O - a +0 plate armour (worn)
Jewellery
 b - a +6 ring of intelligence
 e - the ring "Faci" (left hand) {rF+ MP+9}
   (You found it on level 10 of the Dungeon)

   [ring of magical power]

   rF:        It protects you from fire.
   MP:        It affects your magic capacity (+9).
 t - a ring of flight
 v - a ring of positive energy (right hand)
 K - an amulet of guardian spirit
Wands
 q - a wand of acid (15)
 A - a wand of digging (7)
 L - a wand of flame (9)
Scrolls
 g - 2 scrolls of enchant weapon
 l - 3 scrolls of teleportation
 m - a scroll of enchant armour
 r - a scroll of immolation
 s - 2 scrolls of magic mapping
 x - 3 scrolls of amnesia
 y - a scroll of vulnerability
 z - a scroll of fear
 B - 3 scrolls of fog
 C - 2 scrolls of blinking
 E - 2 scrolls of torment
 J - a scroll of holy word
 M - a scroll of summoning
 N - a scroll of silence
Potions
 k - 2 potions of curing
 n - 2 potions of heal wounds
 p - a potion of flight
 u - 3 potions of degeneration {unknown}
 D - a potion of invisibility {unknown}
 F - a potion of magic {unknown}
 I - 2 potions of mutation {unknown}


   Skills:
 - Level 2.6 Fighting
 - Level 16.0 Axes
 + Level 5.0 Armour
 - Level 4.0 Shields


You had 9 spell levels left.
You didn't know any spells.
Your spell library contained the following spells:

 Spells                   Type           Power      Damage    Failure   Level
 Passwall                 Tmut/Erth      0%         N/A       100%        2
 Static Discharge         Conj/Air       0%         N/A       100%        2
 Call Canine Familiar     Summ           0%         N/A       100%        3
 Gell's Gravitas          Tloc           0%         N/A       100%        3
 Lesser Beckoning         Tloc           0%         N/A       100%        3
 Portal Projectile        Hex/Tloc       0%         N/A       100%        3
 Swiftness                Air            0%         N/A       100%        3
 Teleport Other           Tloc           0%         N/A       100%        3
 Tukima's Dance           Hex            0%         N/A       100%        3
 Dispel Undead            Necr           0%         3d6       100%        4
 Leda's Liquefaction      Hex/Erth       0%         N/A       100%        4
 Passage of Golubria      Tloc           0%         N/A       100%        4
 Sticky Flame             Conj/Fire      0%         2d3       100%        4
 Alistair's Intoxication  Tmut/Pois      0%         N/A       100%        5
 Borgnjor's Vile Clutch   Necr/Erth      0%         N/A       100%        5
 Fireball                 Conj/Fire      0%         3d3       100%        5
 Yara's Violent Unravell  Hex/Tmut       0%         3d3       100%        5
 Eringya's Noxious Bog    Tmut/Pois      0%         N/A       100%        6
 Starburst                Conj/Fire      0%         6d3       100%        6
 Ignition                 Fire           0%         3d3       100%        8


Dungeon Overview and Level Annotations

Branches:
Dungeon (10/15)            Temple (0/1) D:6            Lair (0/6) D:9
    Orc (0/2) D:9

Altars:
Makhleb
Nemelex Xobeh
Qazlal
Ru
Vehumet
Yredelemnul

Shops:
D:8 :

Annotations:
D:4 2 transporters, Firecrotchwizard's ghost, amateur HOMo
D:7 exclusion: 2 doors


Innate Abilities, Weirdness & Mutations

You are resistant to damage.
You can heal yourself by infusing magical energy.
You passively map the area around you.
You do not regenerate.


Message History

The two-headed ogre is lightly wounded.
Aiming: Throw Flame
Press: ? - help, Shift-Dir - straight line, f/p - two-headed ogre
Aim: a two-headed ogre, wielding two +0 giant clubs (lightly wounded, 85% to hit)
The puff of flame misses the two-headed ogre.
Aiming: Corrosive Bolt
Press: ? - help, Shift-Dir - straight line, f/p - two-headed ogre
Aim: a two-headed ogre, wielding two +0 giant clubs (lightly wounded, 86% to hit)
The bolt of acid hits the two-headed ogre!
The acid corrodes the two-headed ogre!
The two-headed ogre is moderately wounded.
You hit the two-headed ogre.
The two-headed ogre is moderately wounded.
You slash the two-headed ogre!
The two-headed ogre is heavily wounded.
The two-headed ogre barely misses you. You block the two-headed ogre's attack.
You slash the two-headed ogre!
The two-headed ogre is heavily wounded.
The two-headed ogre hits you with a +0 giant club!
The two-headed ogre hits you with a +0 giant club!!
You slash the two-headed ogre!
The two-headed ogre is almost dead.
You slash the two-headed ogre!
The two-headed ogre is almost dead.
You block the two-headed ogre's attack.
The two-headed ogre hits you with a +0 giant club!
* * * LOW HITPOINT WARNING * * *
The two-headed ogre is no longer covered in acid.
You feel much better.
You barely miss the two-headed ogre.
The two-headed ogre is almost dead.
The two-headed ogre hits you with a +0 giant club!!
* * * LOW HITPOINT WARNING * * *
The two-headed ogre hits you with a +0 giant club.
You hit the two-headed ogre.
The two-headed ogre is almost dead.
You closely miss the two-headed ogre.
The two-headed ogre is almost dead.
The two-headed ogre hits you with a +0 giant club!
You die...

,* #..<# * *,
#...# #..# #..#
* #...# #..#
#..# *, #...#
#..# #..# * *
#...# #..# #..#
, ,* #...#
#..#####..#
#...#
#.........# * *
#...#
#.........#
.####...#
#..@O.....#
........#
#.######..# *
........######.#
#........,
...<...........#
#........,,,
...............#
#..######* *
........#####..#
#..# ........#
#..# #..# *,
........# #..#
#..# * ........#
#..# #..# *


You could see a two-headed ogre.

Vanquished Creatures
  Joseph (D:7)
  Maggie (D:9)
  A komodo dragon (D:9)
  A hornet (D:9)
  A wyvern (D:8)
  2 water moccasins
  A warg (D:9)
  An ice beast (D:7)
  2 black bears (D:4)
  5 orc warriors (D:9)
  3 ogres
  2 centaurs
  A necrophage (D:3)
  2 phantoms (D:6)
  2 kobold brigands
  A bullfrog (D:8)
  A scorpion (D:3)
  A water moccasin zombie (D:6)
  A wyvern skeleton (D:7)
  A water moccasin skeleton (D:6)
  14 killer bees
  2 centaur zombies
  A bullfrog zombie (D:6)
  A bullfrog skeleton (D:6)
  A hound (D:7)
  4 jellies
  6 orc priests
  5 iguanas
  10 orc wizards
  Natasha (thrice) (D:2)
  A scorpion zombie (D:5)
  A hound skeleton (D:5)
  A howler monkey zombie (D:9)
  5 adders
  3 gnolls (D:7)
  2 howler monkey skeletons
  A shadow imp (D:7)
  A white imp (D:5)
  An ufetubus (D:5)
  2 worms
  4 dart slugs
  37 orcs
  5 endoplasms
  2 giant cockroaches
  7 hobgoblins
  10 jackals
  6 kobolds
  5 quokkas
  12 ball pythons
  6 bats
  6 frilled lizards (D:1)
  4 goblins
  8 rats
208 creatures vanquished.

Vanquished Creatures (others)
  19 plants (D:9)
19 creatures vanquished.

Grand Total: 227 creatures vanquished

Notes
Turn   | Place    | Note
-------+----------+-------------------------------------------
     0 | D:1      | rocketpapaya the Deep Dwarf Fighter began the quest for the
                  | Orb.
     0 | D:1      | Reached XP level 1. HP: 20/20 MP: 1/1
    96 | D:1      | Reached skill level 3 in Axes
    96 | D:1      | Reached XP level 2. HP: 25/27 MP: 2/2
   696 | D:2      | Reached XP level 3. HP: 27/33 MP: 3/3
   707 | D:2      | Reached skill level 4 in Axes
  1192 | D:2      | Noticed Natasha
  1204 | D:2      | Killed Natasha
  1205 | D:2      | Reached XP level 4. HP: 33/40 MP: 4/4
  1269 | D:2      | Reached skill level 5 in Axes
  1415 | D:2      | Noticed Natasha
  1430 | D:2      | Killed Natasha
  1435 | D:2      | Noticed Natasha
  1444 | D:2      | Killed Natasha
  1705 | D:3      | Reached XP level 5. HP: 20/46 MP: 5/5
  1774 | D:3      | Found a faded altar of an unknown god.
  1785 | D:3      | Reached skill level 6 in Axes
  1902 | D:3      | Found a sacrificial altar of Ru.
  1902 | D:3      | Found a radiant altar of Vehumet.
  2342 | D:3      | Noticed a necrophage
  2351 | D:3      | Killed a necrophage
  2352 | D:3      | Reached skill level 7 in Axes
  2352 | D:3      | Reached XP level 6. HP: 32/55 MP: 6/6
  2687 | D:4      | Reached skill level 8 in Axes
  2842 | D:4      | Found a basalt altar of Yredelemnul.
  2843 | D:4      | Found a burning altar of Makhleb.
  2854 | D:4      | Became a worshipper of Makhleb the Destroyer
  2957 | D:4      | Reached XP level 7. HP: 40/61 MP: 7/7
  2993 | D:4      | Found a transporter.
  2997 | D:4      | Noticed Firecrotchwizard's ghost (amateur HOMo)
  2998 | D:4      | Found a transporter.
  3341 | D:4      | Reached skill level 9 in Axes
  3569 | D:5      | Entered Level 5 of the Dungeon
  3605 | D:5      | Found a sparkling altar of Nemelex Xobeh.
  3640 | D:5      | Reached skill level 10 in Axes
  3839 | D:5      | Reached XP level 8. HP: 48/68 MP: 6/6
  4321 | D:6      | Found a staircase to the Ecumenical Temple.
  4338 | D:6      | Reached * piety under Makhleb
  4424 | D:6      | Reached skill level 11 in Axes
  4813 | D:6      | Reached skill level 12 in Axes
  5418 | D:7      | Gained mutation: You passively map the area around you.
                  | [Deep Dwarf growth]
  5418 | D:7      | Reached XP level 9. HP: 73/74 MP: 7/7
  5427 | D:7      | Reached ** piety under Makhleb
  5478 | D:7      | Noticed Joseph
  5506 | D:7      | Killed Joseph
  5507 | D:7      | Reached skill level 13 in Axes
  6017 | D:7      | Reached skill level 14 in Axes
  6222 | D:8      | Found Wuxuniem's Book Boutique.
  7098 | D:9      | Reached skill level 15 in Axes
  7183 | D:9      | Found a staircase to the Orcish Mines.
  7236 | D:9      | Paralysed by a hornet for 2 turns
  7242 | D:9      | Paralysed by a hornet for 1 turns
  7270 | D:9      | Reached XP level 10. HP: 44/81 MP: 5/5
  7326 | D:9      | Reached *** piety under Makhleb
  7335 | D:9      | Found a staircase to the Lair.
  7480 | D:9      | Found a stormy altar of Qazlal.
  7525 | D:9      | Noticed Maggie
  7569 | D:9      | Killed Maggie
  7570 | D:9      | Reached skill level 16 in Axes
  7690 | D:9      | HP: 2/81 [orc warrior (11)]
  7774 | D:9      | Reached skill level 5 in Armour
  8048 | D:10     | Entered Level 10 of the Dungeon
  8050 | D:10     | Identified the ring "Faci" {rF+ MP+9}
  8158 | D:10     | Noticed a two-headed ogre
  8177 | D:10     | Slain by a two-headed ogre

Illustrated notes

Levels and vault maps discovered:
D:1:      psy_arrival_radial01, layout_loops_ring,
          minmay_misc_feat_secret_circle, minmay_lizard_pond
D:2:      layout_loops_ring, minmay_misc_feat_ornament, uniq_natasha
D:3:      minmay_chambers_of_twos, layout_loops_ring,
          gammafunk_temple_overflow_elements,
          shapermc_ecumenical_altar_starsandcircs
D:4:      minmay_diamond_boxcup, layout_basic, gammafunk_temple_overflow_pools,
          gammafunk_ghost_smash
D:5:      layout_gridville, nemelex_spade_bored_becter
D:6:      layout_loops_ring, minmay_temple_entry_tees
D:7:      layout_loops_ring, chequers_serial_rivers_large_a,
          kennysheep_pointless_box, kennysheep_cluttered_room, uniq_joseph
D:8:      layout_cave_pools, serial_shops, kennysheep_little_box, nicolae_wwwww
D:9:      layout_irregular_city, nicolae_qazlal_scattered_showers,
          david_lair_shrubbed, david_orc_1_choice, uniq_maggie
D:10:     layout_long_grid, uniq_psyche

Skill      XL: |  1  2  3  4  5  6  7  8  9 10 |
---------------+-------------------------------+-----
Axes           | 3 4 5 7 8 10 12 15 16 | 16.0
Shields        | 4 |  4.0
Armour         | 5 |  5.0
Fighting       | |  2.6

Action                   |  1- 3 |  4- 6 |  7- 9 | 10-12 || total
-------------------------+-------+-------+-------+-------++-------
Melee: War axe           |   111 |    97 |   410 |   111 ||   729
 Fire: Hunting sling     |     7 |    84 |    58 |       ||   149
Throw: Javelin           |     4 |       |     2 |       ||     6
       Dart              |       |       |     1 |       ||     1
 Abil: Heal Wounds       |     1 |     2 |    24 |     9 ||    36
Evoke: Wand              |       |       |     1 |     4 ||     5
  Use: Potion            |       |     1 |     5 |     4 ||    10
       Scroll            |       |       |       |    13 ||    13
Armor: Scale mail        |    48 |    37 |     3 |       ||    88
       Leather armour    |       |       |   103 |    14 ||   117
Dodge: Dodged            |    53 |    38 |   198 |    23 ||   312
Block: Buckler           |    25 |    19 |    74 |    16 ||   134

Table legend: (Time is in decaauts)
 A = Elapsed time spent in this place.
 B = Non-inter-level travel time spent in this place.
 C = Inter-level travel time spent in this place.
 D = Time resting spent in this place.
 E = Time spent auto-exploring this place.
 F = Levels seen in this place.
 G = Mean time per level.
                   A        B        C        D        E       F      G
               +--------+--------+--------+--------+--------+-----+--------+
         Total |   8129 |   7841 |    288 |    400 |   5599 |  10 |  812.9 |
       Dungeon |   8129 |   7841 |    288 |    400 |   5599 |  10 |  812.9 |
               +--------+--------+--------+--------+--------+-----+--------+

Top non-repeatable levels by time:
     D:7: 1064 daAuts
     D:3: 998 daAuts
     D:4: 982 daAuts
     D:9: 961 daAuts
     D:2: 958 daAuts
     D:6: 823 daAuts
     D:8: 807 daAuts
     D:5: 717 daAuts
     D:1: 689 daAuts
    D:10: 125 daAuts
